[Event "Early-Titled-Tuesday-Blitz-June-18-2024"]
[Site "Chess.com"]
[Date "2024.06.18"]
[Round "11"]
[White "cycygogne"]
[Black "JJDAREK"]
[Result "0-1"]
[WhiteElo "2235"]
[BlackElo "2360"]
[TimeControl "180+1"]
[EndTime "10:07:40 PDT"]
[Termination "JJDAREK won by resignation"]

1. e4 d6 2. d4 g6 3. Nc3 Bg7 4. Bg5 a6 5. a4 Nc6 6. Nf3 Bg4 7. Be3 e5 8. d5 Nd4 9. h3 Bxf3 10. gxf3 f5 11. Be2 Qh4 12. Qd2 f4 13. Bxd4 exd4 14. Na2 Ne7 15. Nc1 O-O 16. Nd3 Be5 17. O-O-O b5 18. a5 c6 19. Rdg1 cxd5 20. Rg4 Qf6 21. h4 dxe4 22. fxe4 f3 23. Bd1 h5 24. Rg5 Bf4 25. Nxf4 Qxf4 26. Rhg1 Qxd2+ 27. Kxd2 Kh7 28. Kd3 Rac8 29. Kxd4 Rc4+ 30. Kd3 Nc6 31. b3 Rc5 32.
Rxc5 dxc5 33. Rg5 Rd8+ 34. Rd5 Nb4+ 35. Ke3 Nxd5+ 36. exd5 Rxd5 37. Bxf3 Re5+ 38. Kf4 Re1 39. Bb7 Ra1 40. Bxa6 Rxa5 41. Bb7 c4 42. bxc4 bxc4 43. Be4 c3 44. Bd3 Ra4+ 45. Ke3 Rxh4 46. f3 Ra4 47. Be4 h4 48. Kf2 Kh6 49. Kg2 Kg5 50. Kh3 Rxe4 51.
fxe4 Kf4 52. Kxh4 Kxe4 53. Kg5 Ke3 54. Kxg6 Kd2 55. Kf5 Kxc2 56. Ke4 Kd2 0-1

[Event "Early-Titled-Tuesday-Blitz-June-18-2024"]
[Site "Chess.com"]
[Date "2024.06.18"]
[Round "11"]
[White "GMAneta"]
[Black "Kgli1m"]
[Result "1/2-1/2"]
[WhiteElo "2350"]
[BlackElo "2099"]
[TimeControl "180+1"]
[EndTime "10:07:43 PDT"]
[Termination "Game drawn by repetition"]

1. d4 d5 2. c4 c6 3. Nf3 a6 4. e3 dxc4 5. Bxc4 b5 6. Bd3 Bb7 7. O-O e6 8. e4 c5 9. Re1 cxd4 10. e5 Ne7 11. Nxd4 Ng6 12. Nc3 Bb4 13. Qg4 O-O 14. Bxg6 hxg6 15. Nxe6 Qd7 16. Qxb4 Qxe6 17. Bf4 Nc6 18. Qd6 Rfe8 19. Rad1 Rad8 20. Qxe6 Rxe6 21. Rxd8+ Nxd8 22. Rd1 Nc6 23. Rd7 Re7 24. Rxe7 Nxe7 25. f3 Nd5 26. Ne2 Kf8 27. Bg5 Nb4 28. a3 Nd3 29. e6 f6 30. Be3 Ke7 31. Nd4 Nxb2 32. h4 Nc4 33. Bc1 Bd5 34. h5 gxh5 35. Nf5+ Kxe6 36.
Nxg7+ Ke5 37. Nxh5 a5 38. Kf2 b4 39. axb4 axb4 40. f4+ Kf5 41. Ng3+ Kg4 42. Nf1 b3 43.
Ne3+ Nxe3 44. Kxe3 Bxg2 45. Bb2 f5 46. Bd4 Be4 47.
Bb2 Bc2 48. Bc3 Kg3 49. Bb2 Kg2 50. Ke2 Kg3 51. Ke3 Bd1 52. Kd2 Bc2 53. Ke3 1/2-1/2

[Event "Early-Titled-Tuesday-Blitz-June-18-2024"]
[Site "Chess.com"]
[Date "2024.06.18"]
[Round "11"]
[White "Polish_fighter3000"]
[Black "Sanan_Sjugirov"]
[Result "1-0"]
[WhiteElo "3082"]
[BlackElo "2950"]
[TimeControl "180+1"]
[EndTime "10:07:49 PDT"]
[Termination "Polish_fighter3000 won on time"]

1. d4 Nf6 2. c4 e6 3. Nf3 d5 4. Nc3 Nbd7 5. Bg5 h6 6. Bh4 Be7 7. e3 O-O 8. Qc2 c5 9. dxc5 dxc4 10. c6 bxc6 11. Bxc4 Nb6 12. Be2 Nbd5 13. Rd1 Qa5 14. Nd4 Bd7 15. Nb3 Qb4 16. Rd4 Qb8 17. Bg3 e5 18. O-O Be6 19. Na5 Nb4 20. Qa4 Rc8 21. a3 Nbd5 22. Nxc6 Qxb2 23. Nxd5 Nxd5 24. Rxd5 Rxc6 25.
Qxc6 Rc8 26. Qb5 Rb8 27. Qxb2 Rxb2 28. Rxe5 Rxe2 29. Ra5 h5 30. h4 Bc4 31. Rxa7 Bf6 32.
Rc1 1-0

[Event "Early-Titled-Tuesday-Blitz-June-18-2024"]
[Site "Chess.com"]
[Date "2024.06.18"]
[Round "11"]
[White "Forge13"]
[Black "HajiyevKanan"]
[Result "1-0"]
[WhiteElo "2678"]
[BlackElo "2534"]
[TimeControl "180+1"]
[EndTime "10:07:49 PDT"]
[Termination "Forge13 won on time"]

1. e4 c6 2. Nf3 d5 3. d3 a6 4. Nbd2 Bg4 5. h3 Bh5 6. g4 Bg6 7. Ne5 Nd7 8. Nxd7 Qxd7 9. f4 f6 10. Qe2 O-O-O 11. Bg2 e5 12. f5 Bf7 13. Nf1 Bc5 14. c3 Ne7 15. b4 Ba7 16. a4 dxe4 17.
Bxe4 Nd5 18. Qb2 Rhe8 19. b5 Nf4 20. bxa6 bxa6 21. Bxf4 exf4 22. Nd2 Rxe4+ 23. dxe4 Be3 24. Rh2 Qd3 25. Rb1 Kd7 26. Qb7+ Ke8 27. Rb2 Bc4 28. Qxc6+ Kf8 29. Qc7 Bxd2+ 30. Kd1 Qf1+ 31. Kc2 Bd3+ 32.
Kb3 Bc4+ 33. Kb4 1-0

[Event "Early-Titled-Tuesday-Blitz-June-18-2024"]
[Site "Chess.com"]
[Date "2024.06.18"]
[Round "11"]
[White "WiktoriaPOL"]
[Black "shirovin"]
[Result "1-0"]
[WhiteElo "2398"]
[BlackElo "2123"]
[TimeControl "180+1"]
[EndTime "10:07:50 PDT"]
[Termination "WiktoriaPOL won by checkmate"]

1. c4 f5 2. Nc3 Nf6 3. g3 g6 4.
Bg2 Bg7 5. e3 O-O 6. Nge2 d6 7.
O-O e5 8. d3 Nc6 9. Rb1 a5 10.
a3 h6 11. b4 axb4 12. axb4 g5 13. b5 Ne7 14. f4 Qe8 15. Qb3 Kh8 16. Bb2 Qh5 17.
h3 Rb8 18. Ba3 b6 19. fxe5 Ne8 20. exd6 Nxd6 21. Bb2 Bb7 22. Qc2 Bxg2 23. Kxg2 f4 24. exf4 Nef5 25. Nd5 g4 26. Bxg7+ Kxg7 27. Qb2+ Kh7 28. h4 Qf7 29. Nec3 Rbe8 30. Rbe1 Nd4 31. Ne4 Nf3 32. Nef6+ Kg6 33. h5+ Kf5 34. Rxe8 Rxe8 35. Nxe8 Qxe8 36. Qf6# 1-0

[Event "Early-Titled-Tuesday-Blitz-June-18-2024"]
[Site "Chess.com"]
[Date "2024.06.18"]
[Round "11"]
[White "HanSchut"]
[Black "Rawnsdale"]
[Result "1-0"]
[WhiteElo "2239"]
[BlackElo "2461"]
[TimeControl "180+1"]
[EndTime "10:07:51 PDT"]
[Termination "HanSchut won by checkmate"]

1. e4 c6 2. d4 d5 3. e5 c5 4. dxc5 e6 5. a3 Bxc5 6. b4 Bb6 7. Qg4 Ne7 8. Bb2 Nf5 9. Bd3 O-O 10. Nf3 Nc6 11. Nbd2 g6 12. Qh3 Ncd4 13. g4 Nxf3+ 14. Nxf3 Ng7 15. Qh6 f6 16. exf6 Rxf6 17. Ng5 Bxf2+ 18.
Kd1 Kf8 19. Bxf6 Qc7 20. Nxh7+ Ke8 21. Bxg6+ Kd7 22. Qxg7+ Kc6 23. Qxc7+ Kxc7 24. Be5+ Kb6 25. Rf1 Bh4 26. Bf6 Bxf6 27. Nxf6 a5 28. b5 Kxb5 29. h4 Kc5 30. h5 e5 31. h6 Be6 32. h7 Kd6 33. g5 e4 34. Bf5 Bf7 35. g6 Bxg6 36. Bxg6 Rh8 37. Kd2 Ke5 38. Ng4+ Kd4 39. Rf7 e3+ 40. Nxe3 Ke5 41. Raf1 d4 42. Rf8 dxe3+ 43.
Kxe3 Rxh7 44. Bxh7 b5 45. R8f5+ Kd6 46. Rxb5 a4 47.
Ra5 Kc6 48. Rxa4 Kb6 49. Rd4 Kc5 50. Rf5+ Kc6 51. Rg4 Kc7 52. Rg6 Kc8 53. Rf7 Kd8 54.
Rg8# 1-0

[Event "Early-Titled-Tuesday-Blitz-June-18-2024"]
[Site "Chess.com"]
[Date "2024.06.18"]
[Round "11"]
[White "Sondremelaa"]
[Black "bubeliang"]
[Result "1-0"]
[WhiteElo "2627"]
[BlackElo "2769"]
[TimeControl "180+1"]
[EndTime "10:07:52 PDT"]
[Termination "Sondremelaa won by checkmate"]

1. e4 g6 2. d4 Bg7 3. Nf3 c6 4. Be2 d5 5. e5 Bg4 6. O-O Bxf3 7.
Bxf3 c5 8. dxc5 e6 9. c4 Ne7 10.
Nc3 Bxe5 11. cxd5 Bxc3 12. bxc3 exd5 13. c4 d4 14. Bxb7 Nbc6 15. Bxa8 Qxa8 16. Bg5 O-O 17.
Bxe7 Nxe7 18. Qxd4 Rd8 19. Qf4 Qc6 20. Rad1 Rc8 21.
Qd6 Qxc5 22. Qxc5 Rxc5 23. Rd7 Nc6 24. Rc7 Rxc4 25. Rd1 a5 26. g3 Ne5 27. Rxc4 Nxc4 28. Rd4 Nb6 29. Rd6 Nc4 30. Rc6 Nb2 31. Rc5 a4 32. Rb5 Nc4 33. Rb4 Nd2 34. Rxa4 Nf3+ 35. Kg2 Nd2 36. Ra7 Kf8 37. a4 Nb3 38. a5 Nd4 39. a6 Nc6 40. Rc7 Nd8 41. a7 Ne6 42. a8=Q+ Kg7 43. Qb7 Nxc7 44. Qxc7 Kf6 45. Qd6+ Kg7 46.
f4 Kh6 47. Qf6 Kh5 48. Qg5# 1-0

[Event "Early-Titled-Tuesday-Blitz-June-18-2024"]
[Site "Chess.com"]
[Date "2024.06.18"]
[Round "11"]
[White "sammartin99"]
[Black "Xavier_mompel"]
[Result "1-0"]
[WhiteElo "2343"]
[BlackElo "2428"]
[TimeControl "180+1"]
[EndTime "10:07:52 PDT"]
[Termination "sammartin99 won on time"]

1. d4 d5 2. c4 e6 3. Nc3 Nf6 4. cxd5 exd5 5. Bg5 c6 6. e3 h6 7. Bh4 Be7 8. Bd3 O-O 9. Qc2 Re8 10.
Nge2 Nbd7 11. f3 c5 12. O-O Nf8 13. Rae1 Ne6 14. Bf2 a6 15. dxc5 Bxc5 16. Nd4 Nxd4 17. exd4 Bd6 18. Qb3 Be6 19. Qxb7 Rb8 20. Qxa6 Rxb2 21.
Bh4 Qc7 22. Ne2 Bxh2+ 23. Kh1 g5 24. Rc1 Qb8 25. Bf2 Bd6 26. Rb1 Bf8 27. a4 g4 28.
Bg3 Qb4 29. Qb5 Rxb1 30. Rxb1 Qxb5 31. axb5 gxf3 32. gxf3 Bd7 33. b6 Nh5 34. Bh2 f5 35. b7 f4 36. b8=Q Rxb8 37. Rxb8 Kf7 38. Nxf4 Nxf4 39.
Bxf4 Be7 40. Rb7 Be6 41. Bd6 1-0

[Event "Early-Titled-Tuesday-Blitz-June-18-2024"]
[Site "Chess.com"]
[Date "2024.06.18"]
[Round "11"]
[White "jk13"]
[Black "Patricius007"]
[Result "0-1"]
[WhiteElo "2677"]
[BlackElo "2564"]
[TimeControl "180+1"]
[EndTime "10:07:55 PDT"]
[Termination "Patricius007 won by resignation"]

1. e4 g6 2. d4 Bg7 3. Nc3 d6 4. Nf3 a6 5. a4 Nc6 6. h3 Nf6 7. Be2 O-O 8. O-O e5 9. dxe5 Nxe5 10. Bg5 Nxf3+ 11. Bxf3 h6 12. Be3 Be6 13. Qd2 Kh7 14. Rad1 Qe7 15. Rfe1 Rad8 16. Nd5 Bxd5 17. exd5 Qd7 18.
b3 Rfe8 19. Bd4 Ng8 20. Bg4 f5 21. Bf3 Rxe1+ 22. Qxe1 Re8 23. Qb4 b6 24. Qc3 a5 25.
Kf1 Bxd4 26. Qxd4 Qg7 27. Qxg7+ Kxg7 28. Rd4 Nf6 29. g4 fxg4 30. hxg4 Re7 31. Rc4 Nh7 32. Be2 Ng5 33. Bd3 Nf3 34. Kg2 Ne5 35. Re4 g5 36.
Kg3 Ng6 37. Rd4 Nf4 38. Kf3 Kf6 39. Be4 Ke5 40. Rd1 Rf7 41. Ke3 Kf6 42. Rh1 Kg7 43. c3 Re7 44. b4 axb4 45. cxb4 Nxd5+ 46. Kd4 Nxb4 47. Bf3 Rf7 48. Ke3 d5 49. Be2 c5 50.
f3 Re7+ 51. Kf2 Ra7 52. Bb5 d4 53. Re1 Rc7 54. Bc4 d3 55. Ke3 Nc2+ 56. Kd2 Nxe1 57. Kxe1 Rd7 58. Kd2 Rd4 0-1

[Event "Early-Titled-Tuesday-Blitz-June-18-2024"]
[Site "Chess.com"]
[Date "2024.06.18"]
[Round "11"]
[White "kyuotbi"]
[Black "axvesik"]
[Result "0-1"]
[WhiteElo "2344"]
[BlackElo "2556"]
[TimeControl "180+1"]
[EndTime "10:07:55 PDT"]
[Termination "axvesik won by resignation"]

1. e4 e6 2. d4 d5 3. Nc3 Bb4 4. e5 Qd7 5. a3 Bxc3+ 6. bxc3 b6 7. Qg4 f5 8. exf6 Nxf6 9. Qg3 O-O 10. Bd3 c5 11. Nf3 Ne4 12. Bxe4 dxe4 13. Ne5 Qc7 14. O-O Ba6 15. Re1 cxd4 16. cxd4 Nc6 17. Nxc6 Qxc6 18. Bh6 Rf7 19. c3 Rc8 20. Bd2 Bb7 21.
Re3 Rcf8 22. Be1 Rf6 23. Rc1 Qc4 24. h4 Ba6 25. Kh2 Rg6 26. Qh3 e5 27. Rxe4 Bc8 28. Qe3 Bb7 29. d5 Qf1 30. Qh3 Bxd5 31. Rg4 Be6 32.
Bd2 Qxf2 33. Rxg6 Bxh3 34. Rxg7+ Kxg7 35. Kxh3 Qxd2 0-1

[Event "Early-Titled-Tuesday-Blitz-June-18-2024"]
[Site "Chess.com"]
[Date "2024.06.18"]
[Round "11"]
[White "LaPiToB"]
[Black "sansanathalia"]
[Result "1-0"]
[WhiteElo "2358"]
[BlackElo "2440"]
[TimeControl "180+1"]
[EndTime "10:07:55 PDT"]
[Termination "LaPiToB won on time"]

1. c4 Nf6 2. Nc3 e6 3. e4 d5 4. e5 d4 5. exf6 dxc3 6. bxc3 Qxf6 7. d4 e5 8. Nf3 Nc6 9. Bg5 Qg6 10. dxe5 Bg4 11. h4 Bc5 12. Bd3 Qe6 13. O-O h6 14.
Bf4 Rd8 15. Qe2 Ne7 16. Rad1 O-O 17. Rfe1 Ng6 18. Bg3 Rd7 19. Qe4 Rfd8 20. Bc2 Rxd1 21. Rxd1 Rxd1+ 22. Bxd1 Bf5 23. Qxb7 Qxc4 24. Bb3 Qxc3 25.
Qb8+ Bf8 26. Qxa7 Qc1+ 27. Kh2 Be4 28. Nd4 Qf1 29. f3 Bf5 30. Nxf5 Qc1 31. Qf2 Bc5 32. Qc2 Qg1+ 33. Kh3 Qh1+ 34. Bh2 Nf4+ 35. Kg3 Nh5+ 36. Kg4 Qxh2 37. Kxh5 g6+ 38. Kxh6 Bf8+ 39. Kg5 1-0

[Event "Early-Titled-Tuesday-Blitz-June-18-2024"]
[Site "Chess.com"]
[Date "2024.06.18"]
[Round "11"]
[White "Mikhail_Golubev"]
[Black "atbenina64"]
[Result "0-1"]
[WhiteElo "2660"]
[BlackElo "2824"]
[TimeControl "180+1"]
[EndTime "10:07:56 PDT"]
[Termination "atbenina64 won on time"]

1. e4 c5 2. Nf3 d6 3. d4 cxd4 4.
Nxd4 Nf6 5. Nc3 a6 6. Bc4 e6 7.
O-O b5 8. Bb3 Qc7 9. Qf3 Be7 10.
Qg3 b4 11. Na4 Nc6 12. Nxc6 Qxc6 13. f3 Bd7 14. Be3 Rb8 15. Rfc1 O-O 16. c3 Qb7 17. Nb6 a5 18. cxb4 axb4 19. Rc2 Bb5 20. Rac1 Bd8 21. Nc4 Bxc4 22. Rxc4 Bb6 23. Bxb6 Qxb6+ 24. Qf2 Qa5 25. Qd4 Rfd8 26. Rc7 h5 27. Ra7 Qb5 28. Rcc7 Qe2 29. h3 Qe1+ 30. Kh2 Rb5 31. Rxf7 Rg5 32. Qg1 Qg3+ 33.
Kh1 d5 34. exd5 exd5 35. Rae7 Rc8 36. Rb7 Kh8 0-1

[Event "Early-Titled-Tuesday-Blitz-June-18-2024"]
[Site "Chess.com"]
[Date "2024.06.18"]
[Round "11"]
[White "jaskol95"]
[Black "lamomiajunior"]
[Result "0-1"]
[WhiteElo "2614"]
[BlackElo "2723"]
[TimeControl "180+1"]
[EndTime "10:07:57 PDT"]
[Termination "lamomiajunior won by checkmate"]

1. e4 e5 2. Nc3 d6 3. d4 Nd7 4. Bc4 Ngf6 5. f4 c6 6. Nf3 exd4 7.
Nxd4 Nb6 8. Bb3 Be7 9. O-O O-O 10. h3 c5 11. Nf3 c4 12. Ba4 Nxa4 13. Nxa4 Nxe4 14.
Qd5 Nf6 15. Qxc4 Be6 16. Qd3 Rc8 17. Nc3 Bc4 18. Qe3 Bxf1 19. Kxf1 d5 20. Nb5 Rxc2 21. Nbd4 Rc8 22. Bd2 Bc5 23. Bc3 Ne4 24. Rd1 Re8 25. Qd3 Nxc3 26. bxc3 Qf6 27. g3 Bxd4 28. Nxd4 a6 29.
Kf2 Re4 30. Rb1 b5 31. a4 bxa4 32. Rb4 a3 33. Ra4 Qd6 34. Kg2 g6 35. f5 Qe5 36.
fxg6 hxg6 37. Qxa6 Rxc3 38. Qa8+ Kg7 39. Rxa3 Qxg3+ 40. Kf1 Re1# 0-1

[Event "Early-Titled-Tuesday-Blitz-June-18-2024"]
[Site "Chess.com"]
[Date "2024.06.18"]
[Round "11"]
[White "Chaubunagungamaug1"]
[Black "Nf3c5"]
[Result "0-1"]
[WhiteElo "2479"]
[BlackElo "2603"]
[TimeControl "180+1"]
[EndTime "10:07:58 PDT"]
[Termination "Nf3c5 won on time"]

1. d4 Nf6 2. c4 Nc6 3. Nf3 e6 4. Bg5 Bb4+ 5. Nbd2 h6 6. Bh4 d6 7. a3 Bxd2+ 8. Qxd2 Qe7 9. e3 e5 10. Be2 g5 11.
Bg3 Ne4 12. Qd1 f5 13. d5 Nb8 14. Bd3 Nxg3 15. hxg3 e4 16. Nd4 exd3 17. Qxd3 Qf6 18. O-O-O Na6 19. Rhe1 Nc5 20. Qc2 Bd7 21. e4 fxe4 22.
b4 Ba4 23. Rxe4+ Nxe4 24. Qxe4+ Kd7 25. Qg4+ Kd8 26. Ne6+ Kc8 27. Nc5+ Kb8 28. Nxa4 Qa1+ 29. Kc2 Qxa3 30. Nc3 Qxb4 31. Rb1 Qc5 32. Qf5 a6 33. Kd3 Ka7 34. Ne4 Qa3+ 35. Ke2 Rhf8 36. Qd7 Qa2+ 37.
Nd2 Rae8+ 38. Kf1 Qxd2 0-1

[Event "Early-Titled-Tuesday-Blitz-June-18-2024"]
[Site "Chess.com"]
[Date "2024.06.18"]
[Round "11"]
[White "TheAlienParty"]
[Black "elamier"]
[Result "0-1"]
[WhiteElo "2335"]
[BlackElo "2455"]
[TimeControl "180+1"]
[EndTime "10:07:58 PDT"]
[Termination "elamier won by resignation"]

1. c4 c6 2. Nf3 Nf6 3. b3 d5 4.
e3 e6 5. Bb2 Bd6 6. Be2 O-O 7. O-O Qe7 8. Ne5 b6 9. f4 Bb7 10. g4 c5 11. Qe1 Nc6 12. Qg3 Ne4 13. Qh3 Bxe5 14. fxe5 Rad8 15. d3 Ng5 16. Qg3 h6 17. h4 Nh7 18. Nd2 d4 19. exd4 Nxd4 20. Bxd4 Rxd4 21. Nf3 Bxf3 22. Rxf3 f5 23. exf6 Rxf6 24.
Raf1 Rxf3 25. Rxf3 Nf6 26. Re3 Qd6 27. Kf2 Qxg3+ 28. Kxg3 Kf7 29. Bf3 g5 30. hxg5 hxg5 31.
Kf2 Nxg4+ 32. Bxg4 Rxg4 33. a3 Kf6 34. b4 Rf4+ 35. Ke2 Kf5 36. bxc5 bxc5 37. Rh3 Rh4 38. Rf3+ Ke5 39. Rf8 Rh2+ 40. Ke3 Rh3+ 41. Ke2 Kd4 42.
Rd8+ Kc3 43. Rd6 e5 44. Rd5 e4 45. dxe4 Kxc4 46. Rxg5 Rxa3 47. Kd2 a5 48. e5 Rd3+ 49. Kc2 Re3 50. Kb2 Kb4 51. Rg8 Re2+ 52. Kc1 Rxe5 53. Kb2 Re2+ 54. Kc1 a4 55. Rb8+ Kc3 56. Kb1 a3 57.
Rb7 Rb2+ 58. Rxb2 axb2 59. Ka2 Kc2 0-1

[Event "Early-Titled-Tuesday-Blitz-June-18-2024"]
[Site "Chess.com"]
[Date "2024.06.18"]
[Round "11"]
[White "rollercoaster29"]
[Black "GambitGiesbergen"]
[Result "1-0"]
[WhiteElo "2504"]
[BlackElo "2369"]
[TimeControl "180+1"]
[EndTime "10:08:00 PDT"]
[Termination "rollercoaster29 won by checkmate"]

1. e4 c5 2. Nf3 d6 3. d4 cxd4 4. Qxd4 Nc6 5. Qe3 g6 6. Be2 Bg7 7. c4 Nf6 8. O-O O-O 9. Nc3 Nd7 10. b3 Nc5 11. Bb2 Bg4 12. Rfd1 Bxf3 13. Bxf3 Ne6 14.
Rab1 Ned4 15. Nd5 e6 16. Nc3 a6 17. Ne2 Nxe2+ 18. Bxe2 Bxb2 19. Rxb2 e5 20. Rbd2 Nd4 21. Rxd4 exd4 22. Rxd4 Qe7 23. Qd2 Rad8 24. f4 Rfe8 25.
Bf3 Qf6 26. g3 Kg7 27. Kg2 h6 28. Rd5 Qa1 29. c5 dxc5 30. Rxd8 Rxd8 31. Qxd8 Qxa2+ 32. Kh3 Qxb3 33. Bg4 h5 34. Bc8 b5 35. e5 a5 36.
Qf6+ Kg8 37. e6 Kf8 38. Qxf7# 1-0

[Event "Early-Titled-Tuesday-Blitz-June-18-2024"]
[Site "Chess.com"]
[Date "2024.06.18"]
[Round "11"]
[White "rasmussvane"]
[Black "superchess02"]
[Result "1-0"]
[WhiteElo "2985"]
[BlackElo "2910"]
[TimeControl "180+1"]
[EndTime "10:08:02 PDT"]
[Termination "rasmussvane won on time"]

1. Nf3 Nf6 2. g3 b6 3. Bg2 Bb7 4. O-O g6 5. c4 Bg7 6. d4 O-O 7. Re1 e6 8. Bf4 d5 9. cxd5 Nxd5 10. Bg5 Qd7 11. e4 Ne7 12. Nc3 h6 13. Be3 Kh7 14. Qc2 Rc8 15. Rad1 a5 16. h4 Na6 17. a3 Qe8 18. h5 c5 19. d5 Rd8 20. d6 Nc6 21. e5 Kg8 22. Bf4 g5 23. Bxg5 hxg5 24. Nxg5 f5 25. exf6 Qxh5 26. f7+ Kh8 27. Nxe6 Qxf7 28.
Bd5 Rxd6 29. Ng5 Qg6 30. Nf7+ Kh7 31. Be4 Nd4 32. Bxg6+ Rxg6 33. Ng5+ 1-0

[Event "Early-Titled-Tuesday-Blitz-June-18-2024"]
[Site "Chess.com"]
[Date "2024.06.18"]
[Round "11"]
[White "talaicito"]
[Black "aot317"]
[Result "1-0"]
[WhiteElo "2307"]
[BlackElo "2520"]
[TimeControl "180+1"]
[EndTime "10:08:02 PDT"]
[Termination "talaicito won by resignation"]

1. d4 Nf6 2. Nc3 d5 3. Bf4 e6 4. e3 Be7 5. Nf3 O-O 6. Bd3 c5 7. dxc5 Bxc5 8. O-O Nc6 9. e4 dxe4 10. Nxe4 Nxe4 11.
Bxe4 Qf6 12. Qc1 h6 13. c3 Bd7 14. Rd1 Rfd8 15. Bc7 Rac8 16. Bxd8 Rxd8 17. Qd2 e5 18. Qe2 Bg4 19. Rxd8+ Nxd8 20. h3 Bc8 21. Rd1 Ne6 22. Nxe5 Nf4 23. Qf3 Be6 24. Nd3 Nxd3 25. Qxf6 gxf6 26.
Rxd3 b6 27. b4 Be7 28. a4 a5 29. bxa5 bxa5 30. g4 Kf8 31. Rd2 Bc5 32. Rb2 Bd7 33. Bc2 Bc6 34. Rb8+ Ke7 35. Rc8 Kd6 36. Rh8 Ke5 37.
Rxh6 Ba3 38. Rh5+ Kd6 39. Rxa5 Bb2 40. c4 Bd4 41. h4 Bf3 42. Bf5 Bb6 43. Ra6 Kc5 44.
h5 Bb7 45. Rxb6 Kxb6 46. h6 1-0

[Event "Early-Titled-Tuesday-Blitz-June-18-2024"]
[Site "Chess.com"]
[Date "2024.06.18"]
[Round "11"]
[White "Arteler"]
[Black "AndresDelgado77"]
[Result "0-1"]
[WhiteElo "2207"]
[BlackElo "2357"]
[TimeControl "180+1"]
[EndTime "10:08:02 PDT"]
[Termination "AndresDelgado77 won by checkmate"]

1. e4 c5 2. Nf3 a6 3. d4 cxd4 4. Nxd4 Nf6 5. e5 Qa5+ 6. Nc3 Qxe5+ 7. Be2 Nc6 8. Nf3 Qc7 9. O-O e6 10. Be3 b5 11. a3 Bb7 12. Qd2 d5 13. Rfe1 Bd6 14.
Bg5 Ng4 15. h3 Nge5 16. Nxe5 Nxe5 17. Bf4 O-O 18. Bxb5 Nf3+ 19. gxf3 Bxf4 20. Qd4 axb5 21. Nxb5 Qb8 22. Kh1 e5 23. Qd1 Bc6 24. Nc3 Qxb2 25.
Nxd5 Rfd8 26. Ne7+ Kf8 27. Qe2 Kxe7 28. Reb1 Qc3 29.
Rb3 Qxa1+ 30. Kg2 Qd4 31. Rd3 Qc5 32. Rb3 Rab8 33. Rd3 Rxd3 34. Qxd3 Qd5 35. Qf5 Qxf3+ 36.
Kf1 Rb1# 0-1

[Event "Early-Titled-Tuesday-Blitz-June-18-2024"]
[Site "Chess.com"]
[Date "2024.06.18"]
[Round "11"]
[White "harkerchess"]
[Black "myburger"]
[Result "1-0"]
[WhiteElo "2410"]
[BlackElo "2505"]
[TimeControl "180+1"]
[EndTime "10:08:03 PDT"]
[Termination "harkerchess won on time"]

1. Nf3 f5 2. d3 Nf6 3. e4 fxe4 4. dxe4 Nxe4 5. Bd3 Nf6 6. Ng5 d6 7. Bxh7 Rxh7 8. Nxh7 Bf5 9. Nxf6+ exf6 10. O-O Nc6 11. Re1+ Kf7 12. Qd5+ Kg6 13. h4 Ne5 14. Qxb7 Rb8 15.
Qxa7 c5 16. Qa4 Rb4 17. Qa3 Rxh4 18. Nd2 d5 19. Nf3 Nxf3+ 20. Qxf3 Bd6 21. Bd2 Bg4 22.
Qd3+ f5 23. Re6+ Kf7 24. Rae1 Qh8 25. f3 Rh1+ 26. Kf2 Qh4+ 27. Ke2 Kxe6 28. fxg4 Qxg4+ 29. Kf2+ Rxe1 30. Bxe1 d4 31. Qe2+ Qe4 32. Qxe4+ fxe4 33. a4 c4 34. a5 e3+ 35. Ke2 Kd5 36. c3 1-0

[Event "Early-Titled-Tuesday-Blitz-June-18-2024"]
[Site "Chess.com"]
[Date "2024.06.18"]
[Round "11"]
[White "Veleamater"]
[Black "Lupul_Cenusiu"]
[Result "0-1"]
[WhiteElo "2390"]
[BlackElo "2697"]
[TimeControl "180+1"]
[EndTime "10:08:04 PDT"]
[Termination "Lupul_Cenusiu won by resignation"]

1. g3 Nf6 2. Bg2 g6 3. d3 c5 4. Nf3 Bg7 5. O-O Nc6 6. h3 O-O 7. Nc3 e5 8. e4 d6 9. Ne1 Nd4 10. f4 exf4 11. Bxf4 Nh5 12. Nd5 Ne6 13. c3 Nexf4 14.
gxf4 f5 15. Nf3 Be6 16. Ng5 Qd7 17. Nxe6 Qxe6 18. exf5 Rxf5 19. Qg4 Nf6 20. Nxf6+ Qxf6 21. Be4 Rh5 22. Rf3 Rf8 23. Raf1 Bh6 24. Bxb7 Rh4 25. Qg2 Bxf4 26. Qf2 g5 27. Bd5+ Kh8 28. Qg2 Qf5 29.
Be4 Qf6 30. R1f2 Qe5 31. d4 Qxe4 32. dxc5 dxc5 33. Re2 Qd5 34. Kh1 Rh6 35. b3 Re6 36. Ref2 Re1+ 37. Rf1 Rxf1+ 38. Qxf1 Re8 39. h4 Re3 40.
Kg2 g4 0-1

[Event "Early-Titled-Tuesday-Blitz-June-18-2024"]
[Site "Chess.com"]
[Date "2024.06.18"]
[Round "11"]
[White "Resourchess"]
[Black "Alexchess1984"]
[Result "0-1"]
[WhiteElo "2392"]
[BlackElo "2558"]
[TimeControl "180+1"]
[EndTime "10:08:05 PDT"]
[Termination "Alexchess1984 won on time"]

1. d4 Nf6 2. c4 g6 3. f3 d6 4.
e4 Bg7 5. Nc3 O-O 6. Be3 a6 7.
Nge2 Nbd7 8. Qd2 c6 9. Nf4 b5 10. c5 dxc5 11. dxc5 e5 12. Nd3 Qe7 13. Be2 a5 14.
O-O Ba6 15. a3 b4 16. axb4 axb4 17. Nxb4 Nxc5 18. Bxa6 Nb3 19. Nxc6 Qc7 20. Qf2 Nxa1 21. Rxa1 Qxc6 22. Qe2 Nh5 23. Ra3 Nf4 24. Qb5 Qd6 25. Bc5 Qd2 26. Qf1 Rfd8 27. Bf2 Qxb2 28. Qa1 Qc2 29.
Bf1 Rxa3 30. Qxa3 h5 31. g3 Bf8 32. Qa5 Rd2 33. gxf4 Rxf2 34. Qxe5 Bg7 35. Qe8+ Kh7 36. Nd5 Rxh2 37. Nf6+ Bxf6 38. Qxf7+ Bg7 0-1

[Event "Early-Titled-Tuesday-Blitz-June-18-2024"]
[Site "Chess.com"]
[Date "2024.06.18"]
[Round "11"]
[White "chessbaerchen"]
[Black "Likvidator228"]
[Result "1-0"]
[WhiteElo "2698"]
[BlackElo "2553"]
[TimeControl "180+1"]
[EndTime "10:08:06 PDT"]
[Termination "chessbaerchen won by checkmate"]

1. e4 c5 2. Nf3 g6 3. d4 cxd4 4. Nxd4 Bg7 5. c4 Nc6 6. Be3 Qb6 7. Nb3 Qd8 8. Qd2 Nf6 9. f3 d6 10. Nc3 Be6 11. Be2 Ne5 12. Nd5 O-O 13. O-O Bxd5 14. cxd5 a6 15. Rac1 Rc8 16. Na5 Rxc1 17. Rxc1 Qd7 18.
Qb4 b5 19. a4 bxa4 20. Bxa6 Ra8 21. Bb7 Rxa5 22. Rc8+ Bf8 23. Bh6 Ne8 24. Qxa5 Bxh6 25. Qa8 Kf8 26. Bc6 Nxc6 27. dxc6 Be3+ 28. Kh1 Qe6 29.
Rxe8+ Kg7 30. Qxa4 Qe5 31. Qc2 Qb5 32. Qc3+ e5 33.
Qxe3 Qxc6 34. Rd8 h6 35. h4 Qc7 36. Ra8 Qe7 37. g3 Qb7 38. Ra2 d5 39. exd5 Qxd5 40. b3 Qe6 41. Ra5 Qh3+ 42. Kg1 Qxg3+ 43. Kf1 Qh3+ 44.
Ke2 Qh2+ 45. Kd3 Qxh4 46. Qxe5+ Kh7 47. Ra7 Qd8+ 48. Ke2 Kg8 49. Qe4 Qb6 50. Ra8+ Kg7 51. Qe5+ f6 52. Qe7# 1-0

[Event "Early-Titled-Tuesday-Blitz-June-18-2024"]
[Site "Chess.com"]
[Date "2024.06.18"]
[Round "11"]
[White "xasid81"]
[Black "ShahMatKanal"]
[Result "0-1"]
[WhiteElo "2596"]
[BlackElo "2498"]
[TimeControl "180+1"]
[EndTime "10:08:06 PDT"]
[Termination "ShahMatKanal won by resignation"]

1. c4 e6 2. g3 d5 3. Bg2 Nf6 4. Nf3 Be7 5. O-O O-O 6. b3 b6 7. Bb2 Bb7 8. d4 Nbd7 9. Nc3 c5 10. cxd5 Nxd5 11. Nxd5 Bxd5 12. Re1 cxd4 13. Nxd4 Bxg2 14. Kxg2 Qc7 15. Rc1 Qb7+ 16. Kg1 Rac8 17. Qd3 Nf6 18. Qf3 Qxf3 19. exf3 Bc5 20. Nb5 a6 21. Nc3 Bb4 22.
Red1 Bxc3 23. Bxc3 Nd5 24. Bd4 Rfd8 25. f4 Kf8 26. Bb2 g6 27. Kf1 Ke7 28. Ke1 Rxc1 29. Rxc1 Kd7 30. Ke2 h5 31. Kf3 Rc8 32. Rxc8 Kxc8 33.
Ke4 Kd7 34. Ke5 Kc6 35. a3 Kc5 36. Bd4+ Kc6 37. f3 Kd7 38. h4 f6+ 39. Ke4 Kd6 40. Kd3 Kc6 41. Ke4 Kd6 42. Kd3 b5 43. Bb2 Kc6 44.
Ke4 Kd6 45. g4 f5+ 46. gxf5 gxf5+ 47. Kd4 Nxf4 48. Ke3 Ng2+ 49. Kf2 Nxh4 50. Bc1 Ng6 51. Kg3 Kd5 0-1